 Dungeon Crawl Stone Soup version 0.26-b1-32-g5d43845318 (webtiles) character file.

Game seed: 12344980182718062607

12013 Dirian the Cleaver (level 11, -4/99 HPs)
             Began as a Minotaur Fighter on Jan 8, 2021.
             Was a High Priest of Okawaru.
             Slain by a death knight
             ... wielding a +1 glaive
              (11 damage)
             ... on level 11 of the Dungeon.
             The game lasted 00:16:19 (11949 turns).

Dirian the Cleaver (Minotaur Fighter)              Turns: 11949, Time: 00:16:20

Health: -4/99      AC: 18    Str: 24    XL:     11   Next: 56%
Magic:  9/15       EV: 14    Int:  5    God:    Okawaru [*****.]
Gold:   769        SH: 13    Dex: 10    Spells: 10/10 levels left

rFire    + . .     SeeInvis .   a - +2 war axe
rCold    . . .     Faith    .   c - +1 kite shield
rNeg     . . .     Spirit   .   I - +3 chain mail {rF+}
rPois    +         Reflect  .   (helmet restricted)
rElec    .         Harm     .   (no cloak)
rCorr    .         Rampage  .   (no gloves)
Will     .....                  F - +0 pair of boots
Stlth    ..........             (no amulet)
HPRegen  0.26/turn              s - ring of poison resistance
MPRegen  0.14/turn              j - +4 ring of evasion

@: heroism, finesse
A: retaliatory headbutt, horns 2
a: Renounce Religion, Heroism, Finesse


You were on level 11 of the Dungeon.
You worshipped Okawaru.
Okawaru was extremely pleased with you.
You visited 1 branch of the dungeon, and saw 11 of its levels.

You collected 823 gold pieces.
You spent 54 gold pieces at shops.

Inventory:

Hand Weapons
 a - a +2 war axe (weapon)
 r - a cursed +1 hand axe of freezing
 u - a +0 war axe
Armour
 c - a +1 kite shield (worn)
 F - a +0 pair of boots (worn)
 I - a +3 chain mail of fire resistance (worn)
Jewellery
 j - a +4 ring of evasion (right hand)
 s - a ring of poison resistance (left hand)
 y - an uncursed ring of protection from cold
Wands
 e - a wand of disintegration (8)
 l - a wand of flame (32)
 p - a wand of iceblast (50)
 v - a wand of digging (2)
 A - a wand of enslavement (9)
Scrolls
 k - 3 scrolls of fear
 t - 4 scrolls of teleportation
 x - 3 scrolls of remove curse
 B - 3 scrolls of fog
 C - a scroll of magic mapping
 D - a scroll of acquirement
Potions
 b - 4 potions of invisibility
 d - a potion of mutation {unknown}
 f - 2 potions of ambrosia {unknown}
 g - 2 potions of berserk rage
 h - 5 potions of haste
 i - 2 potions of attraction
 m - 2 potions of lignification
 n - 2 potions of resistance
 o - 4 potions of flight {unknown}
 q - 5 potions of curing
 w - 4 potions of heal wounds
 z - 2 potions of degeneration {unknown}
 E - a potion of cancellation {unknown}
 G - a potion of brilliance {unknown}


   Skills:
 + Level 10.1(15.1) Fighting
 + Level 14.4(19.4) Axes
 + Level 10.1(15.1) Armour
 - Level 5.0(10.0) Shields
 * Level 7.5 Invocations


You had 10 spell levels left.
You didn't know any spells.
Your spell library contained the following spells:

 Spells                   Type           Power        Failure   Level
 Animate Skeleton         Necr           0%           99%         1
 Pain                     Necr           0%           99%         1
 Vampiric Draining        Necr           0%           100%        3
 Animate Dead             Necr           0%           100%        4
 Agony                    Necr           0%           100%        5


Dungeon Overview and Level Annotations

Branches:
Dungeon (11/15)            Temple (0/1) D:6            Lair (0/6) D:10
    Orc (0/2) D:10

Altars:
Ashenzari
Elyvilon
Gozag
Nemelex Xobeh
Okawaru
Vehumet
Zin
The Shining One

Shops:
D:6 [

Annotations:
D:2 1 runed translucent door, Crazy Yiuf
D:3 1 runed translucent door
D:11 4 runed translucent doors


Innate Abilities, Weirdness & Mutations

You reflexively headbutt those who attack you in melee.
You have a pair of horns on your head.


Message History

* * * LOW HITPOINT WARNING * * *
The 13-headed hydra bites you but does no damage.
The 13-headed hydra bites you!
* * * LOW HITPOINT WARNING * * *
The 13-headed hydra bites you but does no damage. x2
The 13-headed hydra closely misses you. The 13-headed hydra bites you!
* * * LOW HITPOINT WARNING * * *
You block the 13-headed hydra's attack. The 13-headed hydra misses you.
You hit the 13-headed hydra but do no damage.
The 13-headed hydra is almost dead.
You hack one of the 13-headed hydra's heads off!
The 12-headed hydra grows two more!
You slash the 14-headed hydra! You headbutt the 14-headed hydra!
You kill the 14-headed hydra!
Okawaru is honoured by your kill.
A death knight comes into view. It is wielding a +1 glaive.
You see here a worker ant corpse.
There is an open door here.
The death knight hits you from afar with a +1 glaive!
You die...

###.##### #. ........#
######## #. .##.###.###
#......# ##. ..#.# #...#
#.####.# #.. .##.#
#.#.######### #.####.#####.
....# #...........#
#.#.......... #####
#..######...###.#.##.######
# #.## ##......#.##.# # ##
#.# ##†#@.)#..#.##.# ## .##
#.# #.##...........# ##.
..## ##.# ##†p.##++##..###
##.. ...###..#
#####8F.8##.# ##...
....##..##
#8....8#.####....
....'....#
#$....:#....'.>..
....###..######
#:....?#.####.... ...##
#.##...}# #8....8#.# ##...
..## #.#..#######8..8##.#
##..


You could see a death knight.

Vanquished Creatures
  A boulder beetle (D:11)
  A hydra (D:11)
  2 two-headed ogres
  The ghost of MajorAdolf the Skirmisher, a novice NaWn (D:7)
  A cyclops (D:11)
  A centaur zombie (D:11)
  A kobold demonologist (D:11)
  A komodo dragon (D:11)
  2 trolls
  2 hornets
  A spriggan (D:7)
  7 yaks (D:11)
  A soldier ant (D:11)
  3 wargs (D:10)
  An acid dragon (D:11)
  An ice beast (D:6)
  A sky beast (D:11)
  2 necrophages
  An orc warrior (D:10)
  An ogre (D:11)
  A phantom (D:8)
  4 centaurs
  2 big kobolds
  10 bullfrogs
  A gnoll sergeant (D:11)
  2 scorpions
  17 killer bees
  12 wights
  4 howler monkeys
  A bullfrog zombie (D:10)
  A quasit (D:10)
  2 bullfrog skeletons
  6 hounds
  7 orc wizards
  9 orc priests
  2 jellies (D:10)
  3 centaur skeletons
  Terence (D:2)
  6 iguanas
  8 worker ants
  Natasha (thrice) (D:2)
  A killer bee zombie (D:7)
  2 hound zombies
  A hound skeleton (D:6)
  Robin (D:2)
  3 worker ant zombies
  3 gnolls (D:8)
  9 adders
  2 shadow imps
  3 white imps
  2 ufetubi
  An ooze (D:3)
  An adder skeleton (D:5)
  2 dart slugs (D:2)
  4 worms
  8 leopard geckos
  59 orcs
  3 giant cockroaches
  9 goblins
  13 hobgoblins
  13 jackals
  4 quokkas
  6 bats
  5 frilled lizards
  18 kobolds
  5 rats
312 creatures vanquished.

Vanquished Creatures (others)
  A sky beast (D:8)
  A plant (D:10)
2 creatures vanquished.

Grand Total: 314 creatures vanquished

Notes
Turn   | Place    | Note
-------+----------+-------------------------------------------
     0 | D:1      | Dirian the Minotaur Fighter began the quest for the Orb.
     0 | D:1      | Reached XP level 1. HP: 19/19 MP: 0/0
   332 | D:1      | Reached XP level 2. HP: 26/27 MP: 1/1
   900 | D:2      | Reached XP level 3. HP: 31/33 MP: 2/2
   934 | D:2      | Noticed Robin
   941 | D:2      | Reached skill level 3 in Axes
   954 | D:2      | Killed Robin
   981 | D:2      | Noticed Terence
   992 | D:2      | Killed Terence
   993 | D:2      | Reached XP level 4. HP: 20/40 MP: 3/3
  1393 | D:2      | Found a radiant altar of Vehumet.
  1405 | D:2      | Reached skill level 4 in Axes
  1540 | D:2      | Noticed Natasha
  1544 | D:2      | Killed Natasha
  1545 | D:2      | Reached XP level 5. HP: 46/46 MP: 4/4
  1666 | D:2      | Found a runed translucent door.
  1667 | D:2      | Noticed Crazy Yiuf
  1683 | D:2      | Noticed Natasha
  1690 | D:2      | Killed Natasha
  1726 | D:2      | Noticed Natasha
  1734 | D:2      | Killed Natasha
  1820 | D:2      | Reached skill level 5 in Shields
  2533 | D:3      | Reached skill level 5 in Axes
  2809 | D:3      | Found a glowing golden altar of the Shining One.
  2809 | D:3      | Found a runed translucent door.
  2809 | D:3      | Noticed an angel
  3255 | D:3      | Reached XP level 6. HP: 53/53 MP: 5/5
  3477 | D:4      | Reached skill level 5 in Armour
  3478 | D:4      | Found a white marble altar of Elyvilon.
  3691 | D:4      | Found an opulent altar of Gozag.
  3906 | D:5      | Entered Level 5 of the Dungeon
  3906 | D:5      | Found a glowing silver altar of Zin.
  3912 | D:5      | Found a sparkling altar of Nemelex Xobeh.
  3919 | D:5      | Reached skill level 6 in Axes
  3927 | D:5      | Reached skill level 5 in Fighting
  3936 | D:5      | Reached XP level 7. HP: 24/61 MP: 6/6
  4131 | D:5      | Found an iron altar of Okawaru.
  4131 | D:5      | Found a broken altar of Ashenzari.
  4139 | D:5      | Became a worshipper of Warmaster Okawaru
  4287 | D:5      | Reached skill level 7 in Axes
  4866 | D:6      | Reached skill level 1 in Invocations
  5180 | D:6      | Reached * piety under Okawaru
  5181 | D:6      | Reached skill level 8 in Axes
  5198 | D:6      | Found a staircase to the Ecumenical Temple.
  5332 | D:6      | Found Fuloto's Armour Boutique.
  5338 | D:6      | Reached XP level 8. HP: 65/70 MP: 8/8
  5791 | D:7      | Reached skill level 9 in Axes
  6156 | D:7      | Found a runed translucent door.
  6156 | D:7      | Noticed MajorAdolf's ghost (novice NaWn)
  6433 | D:7      | Reached ** piety under Okawaru
  6650 | D:7      | Killed MajorAdolf's ghost
  6651 | D:7      | Reached skill level 10 in Axes
  6651 | D:7      | Reached XP level 9. HP: 78/78 MP: 8/10
  7467 | D:9      | Reached skill level 11 in Axes
  7496 | D:9      | Reached *** piety under Okawaru
  7586 | D:9      | Found a glowing golden altar of the Shining One.
  7781 | D:9      | Reached skill level 5 in Invocations
  8383 | D:9      | Reached XP level 10. HP: 64/87 MP: 12/12
  8725 | D:9      | Identified a scroll of acquirement
  8802 | D:6      | Bought a +0 pair of boots for 54 gold pieces
  8847 | D:10     | Entered Level 10 of the Dungeon
  8884 | D:10     | Reached skill level 12 in Axes
  8950 | D:10     | Reached **** piety under Okawaru
  9333 | D:10     | Found a staircase to the Orcish Mines.
  9539 | D:10     | Found a staircase to the Lair.
  9553 | D:10     | Noticed a two-headed ogre
  9570 | D:10     | Killed a two-headed ogre
  9670 | D:10     | Noticed a cyclops
 10431 | D:11     | Reached skill level 13 in Axes
 10476 | D:11     | Noticed a boulder beetle
 10493 | D:11     | Killed a boulder beetle
 10493 | D:11     | Reached ***** piety under Okawaru
 10629 | D:11     | Reached XP level 11. HP: 97/97 MP: 14/14
 10655 | D:11     | Noticed a two-headed ogre
 10666 | D:11     | Killed a two-headed ogre
 10986 | D:11     | Reached skill level 14 in Axes
 11550 | D:11     | Found a large runed translucent door.
 11551 | D:11     | Found a large runed translucent door.
 11552 | D:11     | Found a large runed translucent door.
 11552 | D:11     | Found a large runed translucent door.
 11612 | D:11     | Received a gift from Okawaru
 11693 | D:11     | Reached skill level 10 in Fighting
 11927 | D:11     | Noticed a four-headed hydra
 11928 | D:11     | Reached skill level 10 in Armour
 11945 | D:11     | Killed a 14-headed hydra
 11945 | D:11     | Noticed a death knight
 11949 | D:11     | Slain by a death knight

Illustrated notes

Levels and vault maps discovered:
D:1:      amcnicky_arrival_feature_with_door, layout_basic
D:2:      layout_basic, vehumet_crystals, uniq_terence, uniq_crazy_yiuf_cottage,
          uniq_robin, uniq_natasha
D:3:      layout_loops_corners, glass_columns_a, minivault_25,
          lemuel_angel_altar
D:4:      layout_loops_ring, nicolae_gozag_cash_rules_everything_around_me,
          elyvilon_altar_4
D:5:      layout_cave_pools, grunt_temple_overflow_open
D:6:      layout_loops_corners, minmay_temple_entry_junction, serial_shops, shop
D:7:      layout_loops_cross, hellmonk_ghost_happy_afterlife, the_bakery
D:8:      layout_rooms, minmay_quadrilaterals
D:9:      layout_cave_pods, tso_altar
D:10:     layout_long_grid, erik_lair_orcish_takeover, hiddenorc1_lemuel,
          serial_glass, glass_columns_a, glass_columns_b
D:11:     minmay_skewed_foursquare, layout_loops_corners, serial_rivers,
          chequers_serial_rivers_small_a, chequers_serial_rivers_small_a,
          chequers_serial_rivers_micro_a, chequers_serial_rivers_micro_d,
          chequers_serial_rivers_small_a, chequers_serial_rivers_small_3,
          minmay_hollow_rounded_squares

Skill      XL: |  1  2  3  4  5  6  7  8  9 10 11 |
---------------+----------------------------------+-----
Shields        | 4 5 |  5.0
Armour         | 4 5 6 7 8 9 10 | 10.1
Fighting       | 4 5 6 8 9 10 | 10.1
Axes           | 3 4 5 6 8 10 11 13 14 | 14.4
Invocations    | 1 3 5 6 7 |  7.5

Action                   |  1- 3 |  4- 6 |  7- 9 | 10-12 || total
-------------------------+-------+-------+-------+-------++-------
Melee: War axe           |   104 |   153 |   354 |   339 ||   950
       Headbutt          |    12 |    23 |    57 |    70 ||   162
Invok: Heroism           |       |       |     3 |    10 ||    13
       Finesse           |       |       |       |     1 ||     1
Evoke: Wand              |       |       |       |     1 ||     1
  Use: Potion            |     1 |       |       |     1 ||     2
       Scroll            |       |    11 |     9 |     2 ||    22
Armor: Scale mail        |    36 |    37 |       |       ||    73
       Chain mail        |       |    13 |    98 |   116 ||   227
Dodge: Dodged            |    28 |    45 |    97 |   118 ||   288
Block: Kite shield       |    63 |    94 |   186 |   171 ||   514
